 Dungeon Crawl Stone Soup version 0.21-a0-496-g696f58f (webtiles) character file.

60 slep the Slasher (level 3, 0/27 HPs)
             Began as a Demonspawn Gladiator on Nov 24, 2017.
             Slain by a dart slug (2 damage)
             ... on level 2 of the Dungeon.
             The game lasted 00:03:05 (777 turns).

slep the Slasher (Demonspawn Gladiator)              Turns: 777, Time: 00:03:05

Health: 0/27       AC:  5    Str: 14    XL:     3   Next: 80%
Magic:  3/3        EV: 12    Int:  9    God:
Gold:   11         SH:  0    Dex: 15    Spells: 2/2 levels left

rFire    . . .     SeeInvis .   a - +0 long sword
rCold    . . .     Gourm    .   (no shield)
rNeg     . . .     Faith    .   e - +0 ring mail
rPois    .         Spirit   .   (helmet restricted)
rElec    .         Reflect  .   (no cloak)
rCorr    .         Harm     .   (no gloves)
MR       .....                  (no boots)
Stlth    +.........             (no amulet)
HPRegen  0.09/turn              (no ring)
MPRegen  0.08/turn              (no ring)

@: no status effects
A: horns 1, rot immunity
a: no special abilities


You were on level 2 of the Dungeon.
You were not hungry.

You visited 1 branch of the dungeon, and saw 2 of its levels.

You collected 11 gold pieces.

Inventory:

Hand Weapons
 a - a +0 long sword (weapon)
Missiles
 d - 3 throwing nets (quivered)
Armour
 b - a +0 leather armour
 c - a +0 helmet
 e - a +0 ring mail (worn)
Scrolls
 g - a scroll of immolation {unknown}
 k - 3 scrolls of random uselessness {unknown}
Potions
 h - a potion of lignification
Comestibles
 f - a bread ration
 i - a meat ration
 j - a royal jelly


   Skills:
 + Level 2.2 Fighting
 + Level 3.6 Long Blades
 + Level 1.9 Throwing
 + Level 1.0 Armour
 + Level 3.0 Dodging


You had 2 spell levels left.
You didn't know any spells.

Dungeon Overview and Level Annotations

Branches:
Dungeon (2/15)

Altars:

Annotations:
D:2 Sigmund, Terence


Innate Abilities, Weirdness & Mutations

You have a pair of small horns on your head.
You are immune to rotting.


Message History

The worm barely misses you.
You barely miss the worm.
The worm is almost dead.
You hit the worm.
You kill the worm!
The bat barely misses you.
A dart slug comes into view.
The bat closely misses you. The bat barely misses you.
You miss the bat. Your headbutt misses the bat. The bat barely misses you.
The bat closely misses you. The bat closely misses you.
You hit the bat.
You kill the bat!
The dart slug launches a dart at you. The slug dart hits you!
* * * LOW HITPOINT WARNING * * *
You hit the dart slug.
The dart slug is moderately wounded.
The dart slug bites you.
You die...

# # .# #. .# #
#.#####.###.#
#..........#
#. ###
#.#......# #.
..# ##.@w....#
####.#
#.###.#......#
.....
#.#.##......#
#...
#.########.#
..## ##.# #
#####.###.##
#........##
#.######## #.#


You could see a dart slug.

Vanquished Creatures
  Natasha (D:2)
  2 worms (D:2)
  A dart slug (D:1)
  A giant cockroach (D:1)
  A goblin (D:1)
  A hobgoblin (D:2)
  7 jackals (D:1)
  A quokka (D:2)
  4 bats
  3 frilled lizards
  4 kobolds (D:1)
  3 rats
29 creatures vanquished.

Notes
Turn   | Place    | Note
-------+----------+-------------------------------------------
     0 | D:1      | slep the Demonspawn Gladiator began the quest for the Orb.
     0 | D:1      | Reached XP level 1. HP: 16/16 MP: 1/1
   176 | D:1      | Gained mutation: You are immune to rotting. [demonic ancestry]
   176 | D:1      | Reached XP level 2. HP: 21/22 MP: 2/2
   609 | D:2      | Noticed Terence
   609 | D:2      | Noticed Sigmund
   704 | D:2      | Gained mutation: You have a pair of small horns on your head. [demonic ancestry]
   704 | D:2      | Reached XP level 3. HP: 14/27 MP: 3/3
   713 | D:2      | Noticed Natasha
   723 | D:2      | Killed Natasha
   763 | D:2      | Reached skill level 1 in Armour
   777 | D:2      | Slain by a dart slug

Vault maps used:
D:1:      minmay_arrival_glassed_features
D:2:      ashenzari_altar_1, uniq_natasha, uniq_sigmund, uniq_terence

Skill      XL: |  1  2  3 |
---------------+----------+-----
Long Blades    | 3 |  3.6
Dodging        | 3 |  3.0
Armour         | 1 |  1.0
Fighting       | |  2.2
Throwing       | |  1.9

Action                   || total
-------------------------++-------
Melee: Long sword        ||    90
       Headbutt          ||     1
  Use: Potion            ||     1
Armor: Leather armour    ||     3
       Ring mail         ||    32
       Skin              ||     2
Dodge: Dodged            ||    76
       Rpst.: Long sword ||    18

Table legend:
 A = Spawn XP
 B = Non-spawn XP
 C = Spawn XP percentage of total XP
 D = Spawn monster count
 E = Non-spawn monster count
 F = Spawn count percentage of total count
 G = Total turns spent on level
                    A         B        C        D         E        F      G
               +---------+---------+-------+---------+---------+-------+---------
         Total |       0 |      86 |   0.0 |       0 |      29 |   0.0 |   777
               +---------+---------+-------+---------+---------+-------+---------
           D:1 |       0 |      33 |   0.0 |       0 |      20 |   0.0 |   645
           D:2 |       0 |      53 |   0.0 |       0 |       9 |   0.0 |   132
               +---------+---------+-------+---------+---------+-------+---------
